 Dungeon Crawl Stone Soup version 0.31-a0-889-g1a8549509d (webtiles) character file.

Game seed: 17040262149890994315

1232 Turgor the Changeling (level 8, -4/57 HPs)
             Began as a Purple Draconian Shapeshifter on Oct 16, 2023.
             Was a Follower of Wu Jian.
             Engulfed by a cloud of steam (8 damage)
             ... on level 6 of the Dungeon.
             The game lasted 00:24:22 (5148 turns).

Turgor the Changeling (DrSh)                        Turns: 5148, Time: 00:24:23

Health: -4/57      AC: 10    Str: 21    XL:     8   Next: 24%
Magic:  8/8        EV: 12    Int: 12    God:    Wu Jian [*.....]
Gold:   243        SH:  0    Dex:  9    Spells: 7/7 levels left

rFire   . .          .
                       - Unarmed
rCold   + . .        (shield currently unavailable)
rNeg    . . .        (body armour unavailable)
rPois   .            (helmet restricted)
rElec   .            a - +2 cloak
rCorr   .            (no gloves)
SInv    .            y - +0 pair of boots
Will    +....        (no amulet)
Stlth   +            (no ring)
HPRegen 0.29/turn    (no ring)
MPRegen 0.11/turn

%: no passive effects
@: flux-form, glowing
A: glow, contaminating, reduced hp, breathe power, AC +6, unfitting armour,
cold-blooded, cold resistance 1, frail 1, strong 1, MP-powered wands
a: Breathe Dispelling Energy, Begin Untransformation, Renounce Religion


You were on level 6 of the Dungeon.
You worshipped Wu Jian.
Wu Jian was aware of your devotion.
You were something dangerously unstable.
You visited 2 branches of the dungeon, and saw 7 of its levels.
You also visited: Sewer.

You collected 243 gold pieces.

Inventory:

Missiles
 e - 10 poisoned darts (quivered)
Armour
 a - a +2 cloak (worn)
 y - a +0 pair of boots (worn)
Magical Staves
 o - a staff of fire
Jewellery
 l - a ring of fire
Talismans
 b - a beast talisman
 c - a flux talisman (active)
Wands
 r - a wand of digging (14)
 u - a wand of charming (15)
 x - a wand of flame (17)
Scrolls
 f - 2 scrolls of revelation
 g - a scroll of silence {unknown}
 i - a scroll of fog {unknown}
 k - 2 scrolls of teleportation
 n - a scroll of blinking {unknown}
 p - a scroll of amnesia
 t - a scroll of summoning {unknown}
Potions
 d - 2 potions of mutation
 h - a potion of enlightenment
 j - a potion of brilliance
 m - 2 potions of attraction
 q - 2 potions of heal wounds
 s - 2 potions of berserk rage
 v - a potion of cancellation {unknown}
 w - a potion of degeneration {unknown}
 z - a potion of lignification
 A - a potion of magic {unknown}
 B - a potion of resistance {unknown}


   Skills:
 + Level 4.7 Fighting
 + Level 4.3 Dodging
 + Level 5.3 Unarmed Combat
 * Level 6.5 Shapeshifting


You had 7 spell levels left.
You didn't know any spells.
Your spell library was empty.

Dungeon Overview and Level Annotations

Branches:
Dungeon (6/15)             Temple (1/1) D:4           Sewer (visited)

Altars:
Cheibriados
Dithmenos
Hepliaklqana
Makhleb
Nemelex Xobeh
Uskayaw
Vehumet
Wu Jian
Xom
Zin
The Shining One

Shops:
D:1 (

Annotations:
D:5 2 transporters, Iidacon's ghost, amateur HOMo


Innate Abilities, Weirdness & Mutations

You are something dangerously unstable.
You glow with magical radiation, making you easy to see and hit.
Foes you strike become dangerously contaminated with magical radiation.
Your maximum health is decreased, since you lack skill for your form.
You are incapable of wielding weapons or throwing items.
You can breathe bolts of dispelling energy.
Your rich purple scales are hard. (AC +6)
You cannot fit into any form of body armour.
You are cold-blooded and may be slowed by cold attacks.
Your flesh is cold resistant. (rC+)
You are frail. (-10% HP)
Your muscles are strong. (Str +4, Int/Dex -1)
You expend magic power (3 MP) to strengthen your wands.


Message History

You are engulfed in a cloud of scalding steam.
The steam dragon breathes steam at you. The ball of steam misses you.
Unknown command.
You hit the steam dragon.
The steam dragon glows dangerously bright.
The steam dragon is moderately wounded.
You are engulfed in a cloud of scalding steam.
The steam dragon closely misses you. x2
Unknown command.
You hit the steam dragon.
The steam dragon shudders as magic cascades through it!
The steam dragon twists and deforms.
You tail-slap the steam dragon.
The steam dragon is almost dead.
You are engulfed in a cloud of scalding steam.
The steam dragon bites you but does no damage.
The steam dragon claws you but does no damage.
You closely miss the steam dragon.
Your tail-slap misses the steam dragon.
The steam dragon is almost dead.
The steam dragon bites you but does no damage.
The steam dragon misses you.
Unknown command.
You hit the steam dragon.
The steam dragon begins to glow.
The steam dragon is almost dead.
The steam dragon breathes steam at you. The ball of steam hits you!
* * * LOW HITPOINT WARNING * * *
Unknown command.
You hit the steam dragon.
The steam dragon glows dangerously bright.
Your tail-slap misses the steam dragon.
The steam dragon is almost dead.
You are engulfed in a cloud of scalding steam.
* * * LOW HITPOINT WARNING * * *
Unknown command.
You hit the steam dragon.
You kill the steam dragon!
The Council accepts your kill.
You are engulfed in a cloud of scalding steam.
You die...

#........##.##)##.##.....#
#.........###.#.###......#
+.............#...)......#
##.#######...###.........#
#.#.............######...
. #.............#....#...
. #..........§..#....#...
#........§§...#....#...
#.....p.§§§§..####'#...
.......##+#######.#......
.......#..........'......
.......#..........#......
.......+..........#......
.......#.##..####+#......
########.##..##.....#####
.........#.....#...#
.........#.....#...#


There were no monsters in sight!

Vanquished Creatures
  A steam dragon (D:6)
  A water moccasin (Sewer)
  A sky beast (D:6)
  2 ogres
  A bullfrog (D:5)
  3 scorpions
  3 howler monkeys (D:5)
  A gnoll bouda (D:5)
  2 orc priests
  A hound (D:4)
  An iguana (D:3)
  Natasha (twice) (D:2)
  2 orc wizards (D:3)
  6 gnolls
  9 adders
  A shadow imp (D:6)
  A white imp (D:6)
  2 ufetubi (D:3)
  3 worms
  2 dart slugs (D:4)
  16 orcs
  4 bats
  6 endoplasms
  2 giant cockroaches
  7 goblins
  4 hobgoblins
  12 jackals
  A quokka (D:4)
  7 ball pythons
  A frilled lizard (D:1)
  8 kobolds
  9 rats
122 creatures vanquished.

Notes
Turn   | Place    | Note
-------+----------+-------------------------------------------
     0 | D:1      | Turgor the Draconian Shapeshifter began the quest for the
                  | Orb.
     0 | D:1      | Reached XP level 1. HP: 16/16 MP: 1/1
   113 | D:1      | Reached XP level 2. HP: 22/23 MP: 2/2
   223 | D:1      | Found Homaneozo's Antique Weapon Shoppe.
   427 | D:1      | Found a faded altar of an unknown god.
   533 | D:2      | Noticed Natasha
   542 | D:2      | Killed Natasha
   543 | D:2      | Reached XP level 3. HP: 20/29 MP: 3/3
   868 | D:2      | Noticed Natasha
  1056 | D:2      | Reached XP level 4. HP: 36/36 MP: 4/4
  1225 | D:2      | Killed Natasha
  1226 | D:2      | Reached skill level 4 in Shapeshifting
  1517 | D:3      | Reached XP level 5. HP: 28/42 MP: 5/5
  1726 | D:3      | Found a glowing drain.
  1834 | Sewer    | Entered a sewer
  1880 | Sewer    | Noticed a water moccasin
  1922 | Sewer    | Gained mutation: You are frail. (-10% HP) [potion of
                  | mutation]
  1922 | Sewer    | Gained mutation: You expend magic power (3 MP) to
                  | strengthen your wands. [potion of mutation]
  1922 | Sewer    | Gained mutation: Your muscles are strong. (Str +4, Int/Dex
                  | -1) [potion of mutation]
  1922 | Sewer    | Gained mutation: Your flesh is cold resistant. (rC+)
                  | [potion of mutation]
  1938 | Sewer    | Killed a water moccasin
  1939 | Sewer    | Reached XP level 6. HP: 11/45 MP: 6/6
  2735 | D:4      | Reached skill level 5 in Shapeshifting
  2794 | D:4      | Found a staircase to the Ecumenical Temple.
  2802 | Temple   | Entered the Ecumenical Temple
  2811 | Temple   | Became a worshipper of the Wu Jian Council
  3489 | D:4      | Your scales start taking on a rich purple colour.
  3489 | D:4      | Reached XP level 7. HP: 37/51 MP: 7/7
  3649 | D:5      | Entered Level 5 of the Dungeon
  3673 | D:5      | Found a transporter.
  3682 | D:5      | Noticed Iidacon's ghost (amateur HOMo)
  3964 | D:5      | Reached * piety under Wu Jian
  4031 | D:5      | Found a radiant altar of Vehumet.
  4218 | D:5      | Reached skill level 6 in Shapeshifting
  4385 | D:5      | Found a transporter.
  4564 | D:6      | Found a shimmering altar of Xom.
  4565 | D:6      | Found a shimmering altar of Xom.
  4568 | D:6      | Found a shimmering altar of Xom.
  4568 | D:6      | Found a shimmering altar of Xom.
  4585 | D:6      | Reached skill level 5 in Unarmed Combat
  4585 | D:6      | Reached XP level 8. HP: 29/60 MP: 8/8
  5121 | D:6      | Found a sparkling altar of Nemelex Xobeh.
  5148 | D:6      | Engulfed by a cloud of steam

Illustrated notes

Levels and vault maps discovered:
D:1:      lightli_arrival_noodles, layout_rooms,
          chequers_ecumenical_altar_grove, serial_shops, shop
D:2:      kennysheep_big_flooded_room, layout_loops_ring, minmay_misc_feat_room,
          minmay_circled_x, uniq_natasha
D:3:      layout_basic, portal_sewer_entry_b
D:4:      layout_rooms, minmay_temple_entry_proselytizer, grunt_decor_fettered
D:5:      layout_loops_ring, nicolae_vehumet_altar_sigil, gammafunk_ghost_arena
D:6:      layout_gridville, xom_redecorated, nemelex_dance_club_becter
Temple:   hellmonk_temple_rainy

Skill      XL: |  1  2  3  4  5  6  7 |
---------------+----------------------+-----
Dodging        | 2 3 4 |  4.3
Fighting       | 2 3 4 |  4.7
Shapeshifting  | 4 5 6 |  6.5
Unarmed Combat | 4 5 |  5.3

Action                     |  1- 3 |  4- 6 |  7- 9 || total
---------------------------+-------+-------+-------++-------
  Melee: Unarmed           |    85 |   207 |   129 ||   421
         Tailslap          |     8 |    22 |    19 ||    49
         Punch             |     1 |     4 |     2 ||     7
  Throw: Dart              |     3 |    18 |     1 ||    22
Ability: Lunge             |       |     3 |     8 ||    11
  Evoke: Wand              |       |     4 |       ||     4
    Use: Potion            |       |     6 |     1 ||     7
         Scroll            |       |     1 |     4 ||     5
   Stab: Sleeping          |       |     1 |       ||     1
 Armour: Skin              |    24 |   110 |    67 ||   201
  Dodge: Dodged            |    41 |    91 |    57 ||   189
   Form: Flux              |       |       |     1 ||     1

Table legend: (Time is in decaauts)
 A = Elapsed time spent in this place.
 B = Non-inter-level travel time spent in this place.
 C = Inter-level travel time spent in this place.
 D = Time resting spent in this place.
 E = Time spent auto-exploring this place.
 F = Levels seen in this place.
 G = Mean time per level.
                   A        B        C        D        E       F      G
               +--------+--------+--------+--------+--------+-----+--------+
         Total |   5124 |   4815 |    309 |    399 |   3192 |   8 |  640.5 |
       Dungeon |   4807 |   4498 |    309 |    399 |   3031 |   6 |  801.2 |
        Temple |     17 |     17 |      0 |      0 |      0 |   1 |   17.0 |
         Sewer |    299 |    299 |      0 |      0 |    161 |   1 |  299.0 |
               +--------+--------+--------+--------+--------+-----+--------+

Top non-repeatable levels by time:
     D:3: 1097 daAuts
     D:5: 880 daAuts
     D:4: 846 daAuts
     D:2: 767 daAuts
     D:1: 609 daAuts
     D:6: 606 daAuts
   Sewer: 299 daAuts
  Temple: 17 daAuts
